 Dungeon Crawl Stone Soup version 0.21-a0-404-g291f19a (webtiles) character file.

40 vineage the Stinger (level 3, 0/28 HPs)
             Began as a Gnoll Wanderer on Oct 27, 2017.
             Succumbed to an adder's poison
             ... on level 1 of the Dungeon.
             The game lasted 00:03:28 (1475 turns).

vineage the Stinger (Gnoll Wanderer)                Turns: 1475, Time: 00:03:28

Health: 0/28       AC:  5    Str: 17    XL:     3   Next: 50%
Magic:  9/9        EV: 10    Int: 12    God:
Gold:   37         SH:  0    Dex: 14    Spells: 12/12 levels left

rFire    . . .     SeeInvis .   d - +0 blowgun
rCold    . . .     Gourm    .   (no shield)
rNeg     . . .     Faith    .   b - +0 ring mail
rPois    .         Spirit   .   (no helmet)
rElec    .         Reflect  .   (no cloak)
rCorr    .         Harm     .   (no gloves)
MR       .....                  (no boots)
Stlth    +.........             (no amulet)
HPRegen  0.09/turn              (no ring)
MPRegen  0.11/turn              (no ring)

@: lethally poisoned (0 -> -2)
A: distributed training, fangs 1, strong nose
a: no special abilities


You were on level 1 of the Dungeon.
You were near starving.

You visited 1 branch of the dungeon, and saw 2 of its levels.

You collected 37 gold pieces.

Inventory:

Hand Weapons
 d - a +0 blowgun (weapon)
Missiles
 c - 8 poisoned needles (quivered)
Armour
 b - a +0 ring mail (worn)
Scrolls
 g - a scroll of fear {unknown}
 h - a scroll of teleportation {unknown}
 i - a scroll of recharging {unknown}
 j - a scroll of identify {unknown}
Books
 a - a book of Minor Magic

   Spells                             Type                      Level
   a - Magic Dart                     Conjuration                  1
   b - Blink                          Translocation                2
   c - Call Imp                       Summoning                    2
   d - Slow                           Hexes                        2
   e - Conjure Flame                  Conjuration/Fire             3
   f - Mephitic Cloud                 Conjuration/Poison/Air       3
Comestibles
 f - a bread ration


   Skills:
 + Level 2.6 Fighting
 + Level 0.8 Short Blades
 + Level 0.8 Long Blades
 + Level 0.8 Axes
 + Level 0.8 Maces & Flails
 + Level 0.8 Polearms
 + Level 0.8 Staves
 + Level 0.8 Slings
 + Level 2.6 Bows
 + Level 0.8 Crossbows
 + Level 4.5 Throwing
 + Level 2.6 Armour
 + Level 0.8 Dodging
 + Level 0.8 Stealth
 + Level 0.8 Shields
 + Level 0.8 Unarmed Combat
 + Level 5.0 Spellcasting
 + Level 0.5 Conjurations
 + Level 0.5 Hexes
 + Level 0.5 Charms
 + Level 0.5 Summonings
 + Level 0.5 Necromancy
 + Level 0.5 Translocations
 + Level 0.5 Transmutations
 + Level 0.5 Fire Magic
 + Level 0.5 Ice Magic
 + Level 0.5 Air Magic
 + Level 0.5 Earth Magic
 + Level 5.4 Poison Magic
 + Level 1.0 Invocations
 + Level 0.8 Evocations


You had 12 spell levels left.
You didn't know any spells.

Dungeon Overview and Level Annotations

Branches:
Dungeon (2/15)

Altars:

Annotations:
D:2 Robin


Innate Abilities, Weirdness & Mutations

Your experience applies equally to all skills.
You have very sharp teeth.
Your uncanny sense of smell can sniff out nearby items.


Message History

You feel sick.
There is a stone staircase leading down, spattered with blood here.
You see here a poisoned needle.
Sorry, you're not good enough to have a special ability.
Okay, then.
Memorise Blink, consuming 2 spell levels and leaving 10?
Your memorisation is interrupted.
* * * LOW HITPOINT WARNING * * *
You feel sick.
There is a lethal amount of poison in your body!
There is a lethal amount of poison in your body!
* * * LOW HITPOINT WARNING * * *
You feel sick.
* * * LOW HITPOINT WARNING * * *
You feel sick.
* * * LOW HITPOINT WARNING * * *
You feel sick.
* * * LOW HITPOINT WARNING * * *
You feel sick.
You die...

.##.######'##### .##.##.........#
.##(##.........#
....##.........###
....##...........#
....##.........#.#
..#.##.........#.#
....##.........#.#
..####.........#@#
.....+.........†>#
#..###.........###########
...##..........'........(#
...............#..######.# #####
............#........# #.# #....
...............#..##.# #.# #.#.#
.#)....####.#..#..##.# #.####.#.#
.......'..#.#..#..##.###......#.#


There were no monsters in sight!

Vanquished Creatures
  An adder (D:1)
  An ooze (D:1)
  A leopard gecko (D:1)
  A ball python (D:1)
  A giant cockroach (D:1)
  A hobgoblin (D:1)
  3 jackals (D:1)
  2 kobolds (D:1)
  3 bats (D:1)
  A frilled lizard (D:1)
  6 goblins (D:1)
  2 rats (D:1)
23 creatures vanquished.

Notes
Turn   | Place    | Note
-------+----------+-------------------------------------------
     0 | D:1      | vineage the Gnoll Wanderer began the quest for the Orb.
     0 | D:1      | vineage set off with: a book of Minor Magic, a +0 ring mail, 15 poisoned needles, a +0 blowgun, a bread ration
     0 | D:1      | Reached XP level 1. HP: 17/17 MP: 6/6
   102 | D:1      | Reached XP level 2. HP: 19/23 MP: 7/7
   655 | D:1      | Reached XP level 3. HP: 19/28 MP: 9/9
  1072 | D:1      | Reached skill level 5 in Spellcasting
  1416 | D:2      | Noticed Robin
  1457 | D:1      | Reached skill level 1 in Invocations
  1471 | D:1      | HP: 1/28 [poisoned by an adder]
  1475 | D:1      | Succumbed to an adder's poison

Vault maps used:
D:1:      dpeg_arrival_simpleton_b
D:2:      first_bread, minmay_pentomino_x2, uniq_jessica, uniq_robin

Skill      XL: |  1  2  3 |
---------------+----------+-----
Spellcasting   | 5 |  5.0
Invocations    | 1 |  1.0
Fighting       | |  2.6
Short Blades   | |  0.8
Long Blades    | |  0.8
Axes           | |  0.8
Maces & Flails | |  0.8
Polearms       | |  0.8
Staves         | |  0.8
Slings         | |  0.8
Bows           | |  2.6
Crossbows      | |  0.8
Throwing       | |  4.5
Armour         | |  2.6
Dodging        | |  0.8
Stealth        | |  0.8
Shields        | |  0.8
Unarmed Combat | |  0.8
Conjurations   | |  0.5
Hexes          | |  0.5
Charms         | |  0.5
Summonings     | |  0.5
Necromancy     | |  0.5
Translocations | |  0.5
Transmutations | |  0.5
Fire Magic     | |  0.5
Ice Magic      | |  0.5
Air Magic      | |  0.5
Earth Magic    | |  0.5
Poison Magic   | |  5.4
Evocations     | |  0.8

Action                   || total
-------------------------++-------
Melee: Unarmed           ||    75
       Bite              ||     9
       Blowgun           ||     9
 Fire: Blowgun           ||    62
  Use: Potion            ||     1
Armor: Ring mail         ||    57
Dodge: Dodged            ||    84

Table legend:
 A = Spawn XP
 B = Non-spawn XP
 C = Spawn XP percentage of total XP
 D = Spawn monster count
 E = Non-spawn monster count
 F = Spawn count percentage of total count
 G = Total turns spent on level
                    A         B        C        D         E        F      G
               +---------+---------+-------+---------+---------+-------+---------
         Total |       0 |      58 |   0.0 |       0 |      23 |   0.0 |  1475
               +---------+---------+-------+---------+---------+-------+---------
           D:1 |       0 |      58 |   0.0 |       0 |      23 |   0.0 |  1466
               +---------+---------+-------+---------+---------+-------+---------
